Map: Línea Aguablanca EE

Players

SonOfCron

  • Race: Zerg Zerg
  • Spawn Location: 12:00

CraftCowards

  • Race: Terran Terran
  • Spawn Location: 1:00

MRAHL

  • Race: Terran Terran
  • Spawn Location: 1:00

MrFercho - Winner!

  • Race: Zerg Zerg
  • League: Silver
  • Spawn Location: 6:00

tigro - Winner!

  • Race: Terran Terran
  • League: Bronze
  • Spawn Location: 7:00

TATORREA - Winner!

  • Race: Protoss Protoss
  • League: Silver
  • Spawn Location: 7:00

VOD

Have the link to the VOD?

Description

Time

  • Played on: June 6, 2020, 9:04 p.m.
  • Length: 7:42
Show
View Real Time Build Order
Export as new Build Order

SonOfCron Zerg 

Build Orders: Pool Only 

Get SALT Encoding   

    4:20  Drone  
    4:21  Drone x2  
  3  4:56  Drone x3  
  6  5:08  Drone  
  7  5:22  Drone  
  8  5:34  Drone  
  9  5:52  Drone x2  
  11  6:46  Drone x3  
  14  6:53  Spawning Pool  
Show
View Real Time Build Order
Export as new Build Order

CraftCowards Terran 

Build Orders:  

Get SALT Encoding   

  12  2:53  Supply Depot  
  12  2:54  Supply Depot  
  12  2:56  Supply Depot  
  12  2:57  Supply Depot  
  12  2:58  Supply Depot x2  
  12  3:08  Supply Depot  
  12  3:09  Supply Depot  
    5:56  SCV  
  1  6:12  Barracks  
Show
View Real Time Build Order
Export as new Build Order

MRAHL Terran 

Build Orders:  

Get SALT Encoding   

  12  2:54  Supply Depot  
  12  2:55  Supply Depot  
  12  2:57  Supply Depot  
  12  3:01  Supply Depot x2  
  12  3:03  Supply Depot  
  12  3:04  Supply Depot  
  12  3:05  Supply Depot  
  12  3:07  Supply Depot  
  12  3:08  Supply Depot  
Show
View Real Time Build Order
Export as new Build Order

MrFercho Zerg - Winner!

Build Orders: Pool First 

Get SALT Encoding   

  12  0:07  Drone  
  13  0:08  Drone  
  14  0:29  Extractor x2, Drone  
  14  0:30  Drone  
  16  0:40  Spawning Pool  
  15  0:54  Extractor  
  14  0:58  Overlord  
  14  0:59  Overlord  
  14  1:01  Overlord  
  14  1:32  Drone  
  15  1:34  Drone x2  
  15  1:36  Queen  
  19  2:30  Zergling x6  
  22  2:38  Lair  
  22  2:45  Extractor  
  21  3:15  Metabolic Boost  
  19  3:31  Zergling x6  
  19  3:32  Zergling x2  
  22  3:54  Drone x2  
  22  3:55  Hatchery  
  23  3:57  Hatchery  
  22  4:24  Spine Crawler  
  17  4:26  Spine Crawler  
  17  4:29  Spine Crawler  
  14  4:31  Zergling x2  
  14  4:32  Zergling x4, Spine Crawler  
  14  4:37  Queen  
  18  4:54  Spire  
  17  6:05  Mutalisk x2  
  21  7:10  Mutalisk x3  
Show
View Real Time Build Order
Export as new Build Order

tigro Terran - Winner!

Build Orders:  

Get SALT Encoding   

  12  0:04  SCV  
  13  0:20  SCV  
  14  0:22  Supply Depot  
  14  0:26  Refinery  
  14  0:32  SCV  
  15  0:44  SCV  
  16  0:50  Barracks  
  16  0:56  SCV  
  17  1:08  Refinery, SCV  
  18  1:21  SCV  
  19  1:34  SCV  
  20  1:42  Marine  
  20  1:46  Supply Depot  
  21  2:00  Barracks, Marine  
  22  2:01  SCV  
  23  2:14  SCV  
  24  2:18  Marine  
  25  2:30  SCV  
  25  2:35  Marine  
  27  2:42  SCV  
  28  2:44  Factory  
  28  2:53  Marine  
  28  3:16  Barracks Tech Lab  
  28  3:25  Barracks Tech Lab  
  27  3:53  Marine  
  25  3:55  Marine  
  25  3:59  Hellion  
  28  4:06  Starport  
  28  4:11  Marine  
  28  4:13  Marine  
  28  4:16  Engineering Bay  
  30  4:21  Combat Shield  
  30  4:24  Stimpack  
  30  4:28  Marine  
  31  4:37  Orbital Command  
  31  4:44  Factory Tech Lab  
  31  5:03  Supply Depot  
  31  5:14  Medivac, Marine x2, Terran Infantry Weapons Level 1  
  35  5:32  Marine x2  
  35  5:35  Command Center  
  37  5:40  Concussive Shells  
  37  5:50  Marine  
  38  6:00  Starport Tech Lab  
  38  6:02  Siege Tank  
  41  6:37  Refinery  
  41  6:50  Refinery  
Show
View Real Time Build Order
Export as new Build Order

TATORREA Protoss - Winner!

Build Orders: Cannon Rush 

Get SALT Encoding   

  12  0:07  Probe  
  13  0:34  Pylon  
  13  0:36  Probe (Chrono Boost)  
  14  0:47  Probe (Chrono Boost)  
  15  1:02  Forge  
  15  1:03  Probe  
  16  1:05  Gateway  
  16  1:18  Probe  
  17  1:29  Pylon  
  17  1:36  Pylon  
  17  1:50  Photon Cannon  
  17  1:52  Photon Cannon  
  17  1:53  Photon Cannon  
  17  2:01  Photon Cannon  
  17  2:27  Photon Cannon  
  17  2:30  Photon Cannon  
  17  2:35  Probe  
  18  2:43  Assimilator  
  18  3:01  Cybernetics Core  
  18  3:05  Gateway  
  18  3:07  Gateway  
  18  3:09  Gateway  
  18  3:12  Probe  
  19  3:35  Probe  
  20  3:42  Zealot  
  22  3:50  Warp Gate (Chrono Boost)  
  22  3:52  Zealot  
  24  4:06  Stalker  
  26  4:56  Protoss Ground Weapons Level 1  
  26  5:38  Assimilator  
  26  5:42  Probe  
  27  5:54  Probe  
  28  5:57  Stalker x3  
  28  6:02  Stalker  
  36  6:06  Probe  
  37  6:25  Pylon  
  37  6:28  Pylon  
  37  6:31  Pylon  
  37  6:36  Pylon  
  37  6:52  Pylon  
  37  6:56  Stalker  
  37  6:57  Stalker x2, Pylon  
  37  6:59  Nexus  
Tags
 
Add a new tag
Caveats
  • Supply blocks, unpowered buildings, or Contaminate may cause inaccurate times.
  • Supply counts are checked every 10 seconds.